 Dungeon Crawl Stone Soup version 0.26.0-90-g5fd8617961 (webtiles) character file.

Game seed: 3277274396774487337

765623 jlumianski the Conqueror (level 27, -14/292 HPs)
             Began as a Palentonga Fighter on Jan 31, 2021.
             Was the Champion of Okawaru.
             Killed by divine providence
             ... invoked by a balrug
              (17 damage)
             ... on level 6 of Gehenna on Feb 2, 2021.
             The game lasted 09:33:34 (83874 turns).

jlumianski the Conqueror (Palentonga Fighter)      Turns: 83874, Time: 09:33:34

Health: -14/292    AC: 51    Str: 25    XL:     27
Magic:  38/38      EV:  5    Int:  5    God:    Okawaru [******]
Gold:   10736      SH: 31    Dex: 13    Spells: 49/49 levels left

rFire    + + +     SeeInvis +   P - +10 war axe "Xoibecku" {flame, rF+ rC+ Str-5}
rCold    + + +     Faith    .   a - +10 tower shield of Ignorance {rN+ Int-4}
rNeg     + + .     Spirit   .   V - +5 gold dragon scales
rPois    +         Reflect  .   z - +2 hat {Will+}
rElec    .         Harm     .   y - scarf {rC+ rF+}
rCorr    +         Rampage  .   F - +2 pair of gloves {archery}
Will     +++++     Rnd*Rage +   q - +4 barding {Fly}
Stlth    ..........             c - amulet "Cuifogab" {rC+ Regen+}
HPRegen  0.98/turn              e - ring of Ruivaoc {rN+ Will+ Str-4 Dex+4 Stlth+}
MPRegen  0.26/turn              f - ring "Ytwinn" {rCorr Str+5 Slay+5}

@: liquid flames, flying, glowing, curled up
A: large, claws 1, stinger 1, rugged brown scales 3, see invisible, berserk 2,
blink, deformed body, deterioration 1, dopey 1, strong-willed 2, weak 1, wild
magic 1, roll 1, armoured tail, reflexive curl
}: 4/15 runes: decaying, serpentine, slimy, silver
a: Rolling Charge, Stop Flying, Blink, Renounce Religion, Heroism, Finesse


You were on level 6 of Gehenna.
You worshipped Okawaru.
Okawaru was exalted by your worship.
You visited 15 branches of the dungeon, and saw 64 of its levels.
You also visited: Bailey and Ice Cave.

You collected 13411 gold pieces.
You spent 2675 gold pieces at shops.

Inventory:

Hand Weapons
 h - the +9 war axe of Shrieking Terror {holy, rF- Int+2 Dex+3}
   (You found it on level 5 of the Vaults)

   It has been blessed by the Shining One to cause great damage to the undead
   and demons.
   It affects your intelligence (+2).
   It affects your dexterity (+3).
   It makes you vulnerable to fire.
 n - the +5 broad axe "Xitock" {freeze, *Noise rPois Int+7}
   (Okawaru gifted it to you in the Vestibule of Hell)

   It has been specially enchanted to freeze those struck by it, causing extra
   injury to most foes and up to half again as much damage against particularly
   susceptible opponents.
   It can also slow down cold-blooded creatures.
   It affects your intelligence (+7).
   It protects you from poison.
   It may make noises in combat.
 w - a +9 vampiric war axe
 P - the +10 war axe "Xoibecku" (weapon) {flame, rF+ rC+ Str-5}
   (Okawaru gifted it to you on level 3 of the Elven Halls)

   It has been specially enchanted to burn those struck by it, causing extra
   injury to most foes and up to half again as much damage against particularly
   susceptible opponents.
   Big, fiery blades are also staple armaments of hydra-hunters.
   It affects your strength (-5).
   It protects you from fire.
   It protects you from cold.
Missiles
 b - 24 javelins
 u - 83 boomerangs (quivered)
 G - 5 throwing nets
Armour
 a - the +10 tower shield of Ignorance (worn) {rN+ Int-4}
   (You found it in a bailey)

   It affects your intelligence (-4).
   It protects you from negative energy.
 q - a +4 barding of flying (worn)
 y - a scarf of resistance (worn)
 z - a +2 hat of willpower (worn)
 F - a +2 pair of gloves of archery (worn)
 V - +5 gold dragon scales (worn)
Jewellery
 c - the amulet "Cuifogab" (around neck) {rC+ Regen+}
   (You took it off a deep elf annihilator on level 3 of the Elven Halls)

   [amulet of regeneration]

   It protects you from cold.
   It increases your rate of regeneration.
 e - the ring of Ruivaoc (left hand) {rN+ Will+ Str-4 Dex+4 Stlth+}
   (You found it on level 3 of the Crypt)

   [ring of positive energy]

   It affects your strength (-4).
   It affects your dexterity (+4).
   It protects you from negative energy.
   It affects your willpower, your defense against some magical effects.
   It makes you more stealthy.
 f - the ring "Ytwinn" (right hand) {rCorr Str+5 Slay+5}
   (You found it on level 5 of the Vaults)

   [ring of resist corrosion]

   It affects your strength (+5).
   It affects your accuracy and damage with ranged weapons and melee attacks
   (+5).
   It provides partial protection from all sources of acid and corrosion.
 j - the ring "Gugy" {rF++ rN+}
   (You found it on level 3 of the Crypt)

   [ring of positive energy]

   It greatly protects you from fire.
   It protects you from negative energy.
Wands
 r - a wand of disintegration (27)
 x - a wand of digging (22)
 X - a wand of acid (21)
 Y - a wand of iceblast (64)
Scrolls
 l - 4 scrolls of blinking
 m - 35 scrolls of teleportation
 s - 15 scrolls of magic mapping
 t - 5 scrolls of identify
 A - a scroll of remove curse
 C - 11 scrolls of fear
 K - 2 scrolls of holy word
 R - 3 scrolls of silence
 T - 4 scrolls of summoning
 Z - 3 scrolls of fog
Potions
 d - a potion of might
 g - 3 potions of haste
 k - a potion of heal wounds
 B - 13 potions of curing
 E - 8 potions of berserk rage
 H - a potion of flight
 I - 6 potions of resistance
 J - 2 potions of cancellation
 L - 6 potions of invisibility
 O - 2 potions of lignification
 S - 15 potions of ambrosia
Miscellaneous
 i - the horn of Geryon
 Q - a condenser vane
 U - a tin of tremorstones (1/2)


   Skills:
 O Level 27 Fighting
 - Level 20.0 Axes
 - Level 0.3 Throwing
 * Level 22.0 Armour
 - Level 6.6 Dodging
 - Level 15.0 Shields
 - Level 11.6 Spellcasting
 * Level 22.1 Invocations
 * Level 15.3 Evocations


You had 49 spell levels left.
You didn't know any spells.
Your spell library contained the following spells:

 Spells                   Type           Power        Failure   Level
 Animate Skeleton         Necr           6%           94%         1
 Apportation              Tloc           6%           94%         1
 Beastly Appendage        Tmut           6%           94%         1
 Corona                   Hex            3%           94%         1
 Freeze                   Ice            12%          94%         1
 Magic Dart               Conj           12%          94%         1
 Pain                     Necr           12%          94%         1
 Sandblast                Erth           6%           94%         1
 Shock                    Conj/Air       12%          94%         1
 Sting                    Tmut/Pois      12%          94%         1
 Summon Small Mammal      Summ           12%          94%         1
 Blink                    Tloc           N/A          98%         2
 Call Imp                 Summ           3%           98%         2
 Corpse Rot               Necr/Air       N/A          98%         2
 Ensorcelled Hibernation  Hex/Ice        6%           98%         2
 Passwall                 Tmut/Erth      2%           98%         2
 Poisonous Vapours        Pois/Air       6%           98%         2
 Searing Ray              Conj           6%           98%         2
 Sublimation of Blood     Necr           1%           98%         2
 Swiftness                Air            3%           98%         2
 Wereblood                Tmut           3%           98%         2
 Call Canine Familiar     Summ           3%           100%        3
 Confusing Touch          Hex            3%           100%        3
 Conjure Flame            Conj/Fire      3%           100%        3
 Dazzling Flash           Conj/Hex       6%           100%        3
 Frozen Ramparts          Ice            6%           100%        3
 Gell's Gravitas          Tloc           1%           100%        3
 Ignite Poison            Fire/Tmut/Pois 3%           100%        3
 Lesser Beckoning         Tloc           1%           100%        3
 Mephitic Cloud           Conj/Pois/Air  3%           100%        3
 Ozocubu's Armour         Ice            3%           100%        3
 Portal Projectile        Hex/Tloc       6%           100%        3
 Spider Form              Tmut/Pois      1%           100%        3
 Static Discharge         Conj/Air       3%           100%        3
 Stone Arrow              Conj/Erth      6%           100%        3
 Summon Guardian Golem    Hex/Summ       3%           100%        3
 Teleport Other           Tloc           3%           100%        3
 Tukima's Dance           Hex            3%           100%        3
 Vampiric Draining        Necr           1%           100%        3
 Animate Dead             Necr           1%           100%        4
 Cause Fear               Hex            1%           100%        4
 Fulminant Prism          Conj/Hex       1%           100%        4
 Hailstorm                Conj/Ice       3%           100%        4
 Ice Form                 Ice/Tmut       3%           100%        4
 Iskenderun's Mystic Bla  Conj/Tloc      3%           100%        4
 Leda's Liquefaction      Hex/Erth       1%           100%        4
 Olgreb's Toxic Radiance  Pois           3%           100%        4
 Passage of Golubria      Tloc           N/A          100%        4
 Petrify                  Tmut/Erth      3%           100%        4
 Summon Ice Beast         Ice/Summ       3%           100%        4
 Summon Lightning Spire   Summ/Air       3%           100%        4
 Agony                    Necr           3%           100%        5
 Alistair's Intoxication  Tmut/Pois      2%           100%        5
 Blade Hands              Tmut           1%           100%        5
 Bolt of Magma            Conj/Fire/Erth 1%           100%        5
 Borgnjor's Vile Clutch   Necr/Erth      1%           100%        5
 Fireball                 Conj/Fire      1%           100%        5
 Irradiate                Conj/Tmut      1%           100%        5
 Iskenderun's Battlesphe  Conj           3%           100%        5
 Lee's Rapid Deconstruct  Erth           1%           100%        5
 Lightning Bolt           Conj/Air       1%           100%        5
 Metabolic Englaciation   Hex/Ice        1%           100%        5
 Silence                  Hex/Air        1%           100%        5
 Summon Forest            Summ/Tloc      1%           100%        5
 Yara's Violent Unravell  Hex/Tmut       1%           100%        5
 Conjure Ball Lightning   Conj/Air       1%           100%        6
 Death Channel            Necr           1%           100%        6
 Dispersal                Tloc           1%           100%        6
 Eringya's Noxious Bog    Tmut/Pois      1%           100%        6
 Freezing Cloud           Conj/Ice/Air   1%           100%        6
 Hydra Form               Tmut           1%           100%        6
 Invisibility             Hex            3%           100%        6
 Iron Shot                Conj/Erth      1%           100%        6
 Simulacrum               Ice/Necr       1%           100%        6
 Statue Form              Tmut/Erth      2%           100%        6
 Dragon Form              Tmut           1%           100%        7
 Orb of Destruction       Conj           1%           100%        7
 Spellforged Servitor     Conj/Summ      1%           100%        7
 Summon Hydra             Summ           1%           100%        7
 Discord                  Hex            1%           100%        8
 Ignition                 Fire           1%           100%        8
 Shatter                  Erth           1%           100%        9
 Tornado                  Air            1%           100%        9


Dungeon Overview and Level Annotations

Branches:
Dungeon (15/15)            Temple (1/1) D:6            Lair (6/6) D:11
  Swamp (4/4) Lair:3        Snake (4/4) Lair:4        Slime (5/5) Lair:6
    Orc (2/2) D:10            Elf (3/3) Orc:2        Vaults (5/5) D:14
  Crypt (3/3) Vaults:3       Tomb (1/3) Crypt:3      Depths (5/5) D:15
   Hell (visited)             Dis (0/7) Hell            Geh (7/7) Hell
    Coc (0/7) Hell            Tar (0/7) Hell            Zot (2/5) Depths:5
 Bailey (visited)           IceCv (visited)

Altars:
Ashenzari
Cheibriados
Elyvilon
Fedhas
Gozag
Hepliaklqana
Kikubaaqudgha
Makhleb
Nemelex Xobeh
Okawaru
Qazlal
Ru
Sif Muna
Trog
Uskayaw
Vehumet
Wu Jian
Xom
Yredelemnul
Zin
The Shining One
Beogh
Jiyva
Lugonu

Shops:
D:5 (?!}   D:7 [   D:12 *   D:15 [   Orc:2 ([(:(   Elf:1 ((!?   Snake:1 (
Snake:4 }[}   Vaults:1 ?   Vaults:3 **   Vaults:5 (   Depths:1 }   Depths:2 [[(

Portals:
Hell: Lair:6 Depths:1 Depths:2 Depths:3 Depths:4 Depths:5
Abyss: D:13 Depths:4
Pandemonium: Depths:3 Depths:4
Ziggurat: Depths:2


Innate Abilities, Weirdness & Mutations

You are completely covered in rugged brown scales. (AC +3, +7% HP)
You have supernaturally acute eyesight. (SInv)
Armour fits poorly on your strangely shaped body.
You can roll at nearby foes to attack.
You have a long armoured tail.
You curl defensively after being hit.
You have sharp fingernails.
Your tail ends in a poisonous barb.
You often lose your temper in combat.
You can translocate small distances at will.
Your body sometimes deteriorates upon taking damage.
You are dopey. (Int -2)
You are highly strong-willed. (Will++)
You are weak. (Str -2)
Your spells are a little harder to cast, but a little more powerful.


Message History

* * * LOW HITPOINT WARNING * * *
You hear an angry squeal. x2
The Brimstone Fiend calls on the powers of darkness!
Your body is wracked with pain!
* * * LOW HITPOINT WARNING * * *
You block the Hell Sentinel's attack. x2
The quicksilver dragon skeleton barely misses you.
The quicksilver dragon skeleton claws you but does no damage.
Your Armour skill increases to level 22!
You slash the balrug!
The balrug is moderately wounded.
You closely miss the quicksilver dragon skeleton.
You closely miss the Brimstone Fiend. You slice the Hell Sentinel!!
You are covered in liquid flames!
The Hell Sentinel hits you!!
* * * LOW HITPOINT WARNING * * *
You block the Hell Sentinel's attack. The balrug gestures at you.
Something smites you!
You die... .... ...≈ #### ≈≈≈. #### ''' ≈§.. ##.... ''+ ≈... #.....# ''+++++

..Z.
.......#2''....
..§
.....##)1Z'.>>. Z.
#..#..@1W'.>Z.
#..#..2Z1'.... .
#....1.'''''''
##......'''''''
#.......'''''''
####..###..###..##
.......#)..# ...+
.. #...## ..#
##..##


You could see a Hell Sentinel, 3 Brimstone Fiends, 2 balrugs, a wraith, a
four-headed hydra zombie, a shadow dragon skeleton and a quicksilver dragon
skeleton.

Vanquished Creatures
  the Royal Jelly (Slime:5)
  Mennas (Crypt:1)
  Khufu (Crypt:2)
  A juggernaut (Depths:3)
  Sojobo (Crypt:1)
  The ghost of SlowGraham the Acrobat, a legendary KoMo of Trog (Vaults:3)
  Margery (Depths:5)
  Saint Roka (Depths:4)
  A caustic shrike (Depths:3)
  Bai Suzhen (Crypt:1)
  Geryon (Hell)
  7 golden dragons
  the Enchantress (Depths:3)
  A profane servitor (Crypt:3)
  2 bone dragons
  22 Brimstone Fiends
  9 liches
  An electric golem (Zot:2)
  11 tentacled monstrosities
  Jorgrun (D:14)
  Asterion (Elf:1)
  A Hell Sentinel (Geh:4)
  2 deep elf blademasters (Elf:3)
  2 deep elf master archers (Elf:3)
  20 acid blobs
  6 titans
  A quicksilver dragon (shapeshifter) (Depths:3)
  3 quicksilver dragons
  The ghost of Buem the Warrior, an adept OgAM of Yredelemnul (Swamp:2)
  Murray (Hell)
  7 sphinxes
  8 ancient champions
  3 storm dragons
  Gastronok (Lair:1)
  Kirke (Lair:5)
  5 death cobs
  Donald (Orc:2)
  2 thorn hunters (Swamp:4)
  7 tengu reavers
  12 nagarajas
  A fenstrider witch (Swamp:1)
  7 shadow dragons
  3 draconian monks
  16 azure jellies
  4 revenants
  15 fire giants
  6 deep elf sorcerers
  4 draconian knights
  10 frost giants
  2 orc warlords (Orc:2)
  A cacodemon (Hell)
  16 balrugs
  2 draconian shifters (Depths:5)
  7 curse skulls
  17 ironheart preservers
  6 deep elf elementalists
  2 draconian annihilators
  Louise (D:15)
  Aizul (Snake:2)
  16 vault wardens
  4 draconian scorchers
  2 draconian stormcallers (Zot:2)
  7 ghouls
  21 very ugly things
  23 reapers
  A caustic shrike skeleton (Crypt:2)
  6 war gargoyles
  4 spriggan defenders
  The ghost of Mallanif the Martial Artist, a journeyman GnTm of Ashenzari (D:13)
  11 stone giants
  10 vampire knights
  A dire elephant (shapeshifter) (Vaults:4)
  13 deep elf annihilators
  2 green draconians
  4 white draconians
  An entropy weaver (Vaults:1)
  3 black draconians
  8 deep elf demonologists
  5 spark wasps
  11 red draconians
  4 yellow draconians
  6 bunyips
  4 purple draconians
  15 ettins
  The ghost of sizableburger the Destroyer, a journeyman DrCj of Ashenzari (Lair:2)
  3 quicksilver dragon zombies
  An eidolon (Crypt:1)
  4 eleionomae
  A merfolk javelineer (Depths:1)
  Josephine (D:14)
  9 death oozes
  6 deep elf death magi
  2 mummy priests (Crypt:3)
  A shambling mangrove (Swamp:4)
  15 jiangshi
  12 fire dragons
  A merfolk impaler (Depths:1)
  32 vault guards
  12 great orbs of eyes
  5 deep elf high priests
  5 quicksilver dragon skeletons
  8 rakshasas
  11 boulder beetles
  22 hydras
  20 yaktaur captains
  A hell beast (Lair:6)
  7 naga warriors
  6 ice dragons
  3 ghost crabs
  16 anacondas
  9 death knights
  11 spriggan air magi
  10 centaur warriors
  The ghost of Xelitey Juot the Cleaver, a novice MiFi of Cheibriados (Orc:1)
  28 dancing weapons
  3 vampire magi
  A death yak (Lair:6)
  4 alligators
  27 hell hogs
  18 deep troll earth magi
  5 death scarabs (Tomb:1)
  44 two-headed ogres
  13 deep troll shamans
  3 tengu warriors
  11 shock serpents
  4 small abominations
  An orc high priest (Orc:1)
  16 ogre magi
  6 spriggan berserkers
  22 deep elf knights
  108 hell knights
  3 titan zombies
  13 naga sharpshooters
  29 sun demons
  4 titan skeletons
  Sonja (Lair:6)
  Nergalle (Lair:3)
  A storm dragon zombie (Geh:4)
  6 soul eaters
  7 iron trolls
  An iron golem (Hell)
  7 sea snakes (Snake:3)
  3 sixfirhies (Lair:6)
  4 salamander mystics
  67 skeletal warriors
  11 shadow wraiths
  40 deep trolls
  5 goliath frogs
  A ghost moth zombie (Geh:5)
  6 unseen horrors
  A glowing orange brain (shapeshifter) (Vaults:2)
  8 wizards
  15 deep elf archers
  A golden dragon zombie (Geh:3)
  4 spriggan druids
  2 glowing orange brains
  4 golden dragon skeletons
  A swamp dragon (shapeshifter) (Depths:1)
  An orange crystal statue (Elf:3)
  11 swamp dragons
  6 anaconda zombies
  16 ironbrand convokers
  16 flayed ghosts
  4 lindwurms
  14 phantasmal warriors
  5 harpies (Vaults:3)
  3 storm dragon skeletons
  4 wolf spider zombies
  8 bog bodies
  An obsidian statue (Vaults:3)
  4 naga ritualists
  5 shadow dragon zombies
  A harpy (shapeshifter) (Depths:4)
  4 mana vipers
  21 orc knights
  A human zombie (Vaults:4)
  A mana viper (shapeshifter) (Depths:3)
  A spectral ettin (Crypt:3)
  29 ugly things
  2 wolf spiders
  5 anaconda skeletons
  4 oklob plants
  46 necromancers
  8 frost giant zombies
  7 shadow dragon skeletons
  9 orc sorcerers
  6 shining eyes
  3 iron dragon zombies
  4 fire giant zombies
  3 stone giant zombies
  2 will-o-the-wisps (Swamp:2)
  2 shining eyes (shapeshifter)
  A goliath frog zombie (Crypt:2)
  15 cyclopes
  A salamander (shapeshifter) (Depths:3)
  2 frost giant skeletons
  57 deep elf magi
  2 worldbinders (D:13)
  A shock serpent zombie (Geh:1)
  2 manticores
  3 black mambas (shapeshifter)
  10 elephants
  3 iron dragon skeletons
  5 stone giant skeletons
  11 salamanders
  4 dire elephant zombies
  9 moths of wrath
  11 guardian serpents
  25 naga magi
  3 cane toads (shapeshifter)
  2 ice statues (IceCv)
  7 fire giant skeletons
  7 molten gargoyles
  20 vault sentinels
  A torpor snail (Lair:4)
  29 black mambas
  3 orange demons (Lair:6)
  An orc skeleton (Vaults:2)
  10 cane toads
  3 large abominations
  4 rust devils
  6 smoke demons
  3 gargoyles
  A green draconian zombie (Geh:6)
  24 hellions
  A shock serpent skeleton (Geh:6)
  6 dire elephant skeletons
  A minotaur zombie (Geh:2)
  A komodo dragon (shapeshifter) (Vaults:4)
  9 rime drakes
  7 guardian mummies (Crypt:3)
  12 komodo dragons
  A black draconian skeleton (Geh:1)
  10 efreet
  16 freezing wraiths
  A demonic crawler (Lair:6)
  71 yaktaurs
  A catoblepas skeleton (Geh:3)
  A hellwing (Lair:6)
  2 yaktaurs (shapeshifter)
  10 ice devils
  2 tengu conjurers
  38 red devils
  14 trolls
  3 meliai (D:14)
  A spectral harpy (Crypt:3)
  2 queen bees (shapeshifter)
  14 tormentors
  2 hydra zombies (Hell)
  A tyrant leech (shapeshifter) (Vaults:4)
  A queen ant zombie (Crypt:1)
  16 hornets
  2 queen bees
  2 jumping spiders (shapeshifter)
  A wolf spider simulacrum (D:13)
  A harpy skeleton (Crypt:1)
  4 harpy zombies
  A meliai (shapeshifter) (Depths:1)
  74 slime creatures
  6 tyrant leeches
  4 hydra skeletons
  A raiju (shapeshifter) (Depths:5)
  5 fire dragon zombies
  24 blink frogs
  3 polar bears
  9 dream sheep (Lair:6)
  An alligator zombie (Hell)
  5 ettin zombies
  2 ice dragon zombies
  A raiju (D:13)
  A stone giant simulacrum (Vaults:2)
  A human simulacrum (Vaults:4)
  148 flying skulls
  An ice dragon skeleton (Geh:2)
  A black mamba zombie (Geh:5)
  18 spriggans
  3 air elementals (Elf:1)
  2 redbacks (Vaults:1)
  20 shadows
  5 wyverns
  An alligator skeleton (Geh:2)
  10 water elementals
  4 fire dragon skeletons
  45 wraiths
  A hog (shapeshifter) (Depths:3)
  A basilisk (shapeshifter) (Vaults:2)
  9 fire bats (Geh:1)
  4 hogs (Lair:5)
  A wind drake zombie (Crypt:2)
  2 black mamba skeletons
  6 ettin skeletons
  9 golden eyes (Slime:5)
  4 basilisks
  46 fire elementals
  A human (shapeshifter) (Vaults:2)
  A steam dragon (D:11)
  6 vampire mosquitoes
  A minotaur simulacrum (Crypt:3)
  69 yaks
  Menkaure (D:7)
  A soldier ant (D:11)
  An infernal demonspawn zombie (Crypt:1)
  12 swamp worms
  A gelid demonspawn zombie (Geh:6)
  9 wargs
  55 nagas
  49 hell hounds
  A soldier ant (shapeshifter) (Depths:5)
  4 cane toad zombies
  4 acid dragons
  11 water moccasins
  A merfolk skeleton (Geh:1)
  4 cane toad skeletons
  8 ice beasts
  7 floating eyes
  5 swamp drakes (Swamp:4)
  2 black bears
  2 sky beasts
  A snapping turtle zombie (Geh:1)
  A manticore zombie (Geh:2)
  An ice beast (shapeshifter) (Vaults:4)
  59 orc warriors
  45 ogres
  11 phantoms
  7 boggarts
  7 eyes of draining
  A swamp dragon zombie (Crypt:1)
  19 necrophages
  3 snapping turtle skeletons (Geh:1)
  23 wolves
  A manticore skeleton (Geh:3)
  A swamp dragon skeleton (Geh:1)
  20 centaurs
  2 big kobolds
  A komodo dragon zombie (Crypt:1)
  3 gnoll sergeants
  19 bullfrogs
  5 earth elementals
  A cane toad simulacrum (Hell)
  A glowing shapeshifter simulacrum (Depths:1)
  A yaktaur skeleton (Crypt:2)
  2 troll zombies (Crypt:2)
  5 scorpions
  A water moccasin skeleton (Crypt:1)
  29 killer bees
  2 spriggan skeletons
  73 wights
  7 howler monkeys
  4 electric eels
  7 jellies
  6 crimson imps
  3 bullfrog zombies
  A quasit (D:5)
  2 bullfrog skeletons
  A hound (D:11)
  Crazy Yiuf (D:3)
  29 orc priests
  8 centaur skeletons
  A gnoll shaman (Orc:1)
  2 iron imps
  Jessica (D:3)
  2 human skeletons
  36 orc wizards
  10 hell rats
  6 worker ants
  A killer bee zombie (D:8)
  2 tengu zombies
  An ogre skeleton (Geh:4)
  A tengu skeleton (Crypt:1)
  2 hound skeletons
  A mummy (Tomb:1)
  20 gnolls
  19 adders
  3 white imps
  3 ufetubi
  2 oozes
  A worm (D:3)
  5 dart slugs
  2 leopard geckos
  138 orcs
  4 giant cockroaches
  9 goblins
  9 hobgoblins
  23 jackals
  5 quokkas
  3 ball pythons
  13 bats
  4 frilled lizards
  4 jackal skeletons
  29 kobolds
  A leopard gecko skeleton (D:2)
  3 quokka skeletons
  10 rats
  2 bushes (Lair:4)
  A plant (Lair:6)
3576 creatures vanquished.

Vanquished Creatures (collateral kills)
  2 Brimstone Fiends (Geh:7)
  A hell knight (Geh:2)
  A frost giant zombie (Geh:7)
4 creatures vanquished.

Vanquished Creatures (others)
  An ironheart preserver (Vaults:5)
  4 hell hogs
  2 deep elf magi
  A necromancer (Geh:7)
  An anaconda skeleton (Geh:1)
  A black mamba (Snake:4)
  A yaktaur (Vaults:4)
  3 bloated husks
  2 flying skulls
  A shadow (Geh:2)
  A wraith (Geh:7)
  A naga (Snake:4)
  2 orc warriors
  A human (D:7)
  A boggart (Depths:4)
  2 killer bees (D:14)
  A troll skeleton (Geh:1)
  An orc priest (Vaults:2)
  An orc skeleton (Geh:2)
  A briar patch (Swamp:4)
  16 foxfires (Swamp:2)
  44 fungi
  99 plants
188 creatures vanquished.

Grand Total: 3768 creatures vanquished

Notes
Turn   | Place    | Note
-------+----------+-------------------------------------------
     0 | D:1      | jlumianski the Palentonga Fighter began the quest for the
                  | Orb.
     0 | D:1      | Reached XP level 1. HP: 20/20 MP: 1/1
    43 | D:1      | Reached XP level 2. HP: 27/27 MP: 2/2
   118 | D:1      | Reached XP level 3. HP: 18/33 MP: 3/3
   626 | D:2      | Found a radiant altar of Vehumet.
  1096 | D:3      | Found a white marble altar of Elyvilon.
  1302 | D:2      | Reached XP level 4. HP: 33/40 MP: 4/4
  2282 | D:3      | Noticed Jessica
  2284 | D:3      | Found a burning altar of Makhleb.
  2287 | D:3      | Killed Jessica
  2298 | D:3      | Reached XP level 5. HP: 45/48 MP: 5/5
  2348 | D:3      | Found a blossoming altar of Fedhas.
  2348 | D:3      | Found a broken altar of Ashenzari.
  2459 | D:3      | Identified Jessica's Catalogue of the Oath
  2902 | D:3      | Found a snail-covered altar of Cheibriados.
  3166 | D:3      | Found a runed translucent door.
  3167 | D:3      | Noticed Crazy Yiuf
  3176 | D:3      | Killed Crazy Yiuf
  3816 | D:5      | Entered Level 5 of the Dungeon
  3816 | D:5      | Found Duiqet's Magic Scroll Emporium.
  3824 | D:5      | Bought a scroll of identify for 26 gold pieces
  3824 | D:5      | Bought a scroll of identify for 26 gold pieces
  3898 | D:4      | Reached XP level 6. HP: 55/55 MP: 6/6
  4025 | D:3      | Reached skill level 1 in Dodging
  4286 | D:4      | Found an opulent altar of Gozag.
  4930 | D:4      | Reached skill level 4 in Fighting
  4930 | D:4      | Gained mutation: You curl defensively after being hit.
                  | [Palentonga growth]
  4930 | D:4      | Reached XP level 7. HP: 53/63 MP: 7/7
  5228 | D:5      | Reached skill level 5 in Axes
  5379 | D:5      | Found a radiant altar of Vehumet.
  5500 | D:5      | Found Ugguem's Weapon Shoppe.
  5569 | D:5      | Found Wimobob's Gadget Shop.
  5702 | D:5      | Found Colih's Distillery.
  5710 | D:5      | Bought a potion of degeneration for 14 gold pieces
  5987 | D:5      | Found an opulent altar of Gozag.
  6284 | D:5      | Found a glowing silver altar of Zin.
  6284 | D:5      | Found a sparkling altar of Nemelex Xobeh.
  6286 | D:5      | Found a shimmering altar of Xom.
  6286 | D:5      | Found an iron altar of Okawaru.
  6286 | D:5      | Found a sparkling altar of Nemelex Xobeh.
  6342 | D:5      | Reached XP level 8. HP: 40/71 MP: 8/8
  6870 | D:6      | Found a staircase to the Ecumenical Temple.
  6974 | D:6      | Found a stormy altar of Qazlal.
  7092 | Temple   | Entered the Ecumenical Temple
  7162 | Temple   | Became a worshipper of Warmaster Okawaru
  7251 | D:6      | You fall into a shaft and drop 1 floor!
  7349 | D:7      | Found a hazy altar of Hepliaklqana.
  7527 | D:7      | Noticed Menkaure
  7562 | D:6      | Reached skill level 5 in Shields
  7580 | D:6      | Reached skill level 5 in Fighting
  7615 | D:6      | Reached skill level 5 in Armour
  7780 | D:7      | Killed Menkaure
  7780 | D:7      | Reached * piety under Okawaru
  7781 | D:7      | Reached XP level 9. HP: 40/79 MP: 9/9
  7863 | D:7      | Found an ancient bone altar of Kikubaaqudgha.
  8053 | D:7      | Found Esuosk's Antique Armour Shop.
  8256 | D:8      | Found a glowing silver altar of Zin.
  8489 | D:8      | Reached ** piety under Okawaru
  9007 | D:8      | You fall into a shaft and drop 1 floor!
  9079 | D:9      | Reached skill level 6 in Fighting
  9227 | D:9      | Reached XP level 10. HP: 77/88 MP: 10/10
  9254 | D:9      | Found an ornate altar of the Wu Jian Council.
  9341 | D:9      | Found a shimmering blue altar of Sif Muna.
  9476 | D:10     | Entered Level 10 of the Dungeon
  9539 | D:10     | Found a flagged portal.
  9579 | Bailey   | Entered a bailey
  9651 | Bailey   | Found a burning altar of Makhleb.
  9652 | Bailey   | Found the +10 tower shield of Ignorance {rN+ Int-4}
  9713 | Bailey   | Identified the cursed +1 falchion of Tecak {vorpal, Str+2}
                  | (You found it in a bailey)
  9786 | D:10     | Reached *** piety under Okawaru
  9917 | D:10     | Found the +27 Lear's hauberk
  9939 | D:9      | Noticed a two-headed ogre
  9957 | D:9      | Killed a two-headed ogre
  9958 | D:9      | Reached skill level 10 in Axes
 10072 | D:10     | Reached **** piety under Okawaru
 10177 | D:9      | Noticed a manticore
 10187 | D:9      | Killed a manticore
 10291 | D:9      | Found a basalt altar of Yredelemnul.
 10557 | D:10     | Noticed a two-headed ogre
 10563 | D:10     | Killed a two-headed ogre
 10564 | D:10     | Reached XP level 11. HP: 78/97 MP: 11/11
 10647 | D:10     | Reached ***** piety under Okawaru
 10661 | D:10     | Found a transporter.
 10661 | D:10     | Noticed an ogre mage
 10662 | D:10     | Noticed an ettin
 10664 | D:10     | Found a roughly hewn altar of Beogh.
 10664 | D:10     | Found a transporter.
 10705 | D:10     | Killed an ettin
 10819 | D:10     | Reached skill level 7 in Fighting
 10835 | D:10     | Killed an ogre mage
 10845 | D:10     | Received a gift from Okawaru
 11150 | D:10     | Found a roughly hewn altar of Beogh.
 11150 | D:10     | Found a staircase to the Orcish Mines.
 11150 | D:10     | Noticed an orc knight
 11170 | D:10     | Killed an orc knight
 11437 | D:11     | Reached skill level 1 in Invocations
 11685 | D:11     | Identified a scroll of acquirement
 11685 | D:11     | Acquired a manual of Axes
 11720 | D:11     | Received a gift from Okawaru
 11737 | D:11     | Got a jewelled helmet {god gift}
 11738 | D:11     | Identified the -4 helmet "Boxzoad" {Rampage rF+ Dex+3
                  | Slay-4} (Okawaru gifted it to you on level 11 of the
                  | Dungeon)
 11924 | D:11     | Found a staircase to the Lair.
 12007 | D:11     | Gained mutation: Your body sometimes deteriorates upon
                  | taking damage. [potion of mutation]
 12007 | D:11     | Gained mutation: You evolve. [potion of mutation]
 12008 | D:11     | Lost mutation: You evolve. [potion of mutation]
 12008 | D:11     | Lost mutation: Your body sometimes deteriorates upon taking
                  | damage. [potion of mutation]
 12008 | D:11     | Gained mutation: Your spells are a little easier to cast,
                  | but a little less powerful. [potion of mutation]
 12008 | D:11     | Gained mutation: You can translocate small distances at
                  | will. [potion of mutation]
 12106 | Lair:1   | Entered Level 1 of the Lair of Beasts
 12206 | D:12     | Reached skill level 8 in Fighting
 12206 | D:12     | Reached XP level 12. HP: 104/108 MP: 14/14
 12225 | D:12     | Noticed a two-headed ogre
 12234 | D:12     | Reached ****** piety under Okawaru
 12239 | D:12     | Killed a two-headed ogre
 12282 | D:12     | Found Waffoad's Changing Room.
 12416 | D:12     | Found an ornate altar of the Wu Jian Council.
 12833 | D:13     | Got a crystal long sword
 12834 | D:13     | Identified the +6 long sword "Beetleslayer" {vamp, rF+
                  | Str+10} (You found it on level 13 of the Dungeon)
 12982 | D:13     | Noticed a death knight
 13022 | D:12     | Reached skill level 5 in Invocations
 13130 | D:12     | Killed a death knight
 13252 | D:13     | Found a transporter.
 13266 | D:13     | Found a one-way gate to the infinite horrors of the Abyss.
 13266 | D:13     | Noticed Mallanif's ghost (journeyman GnTm)
 13275 | D:13     | Received a gift from Okawaru
 13330 | D:13     | Noticed a death knight
 13522 | Lair:1   | Noticed Gastronok
 13533 | Lair:1   | Killed Gastronok
 13603 | Lair:1   | Reached skill level 5 in Dodging
 13997 | Lair:1   | Reached XP level 13. HP: 100/117 MP: 17/17
 14540 | Lair:2   | Reached skill level 9 in Fighting
 14552 | Lair:2   | Found a transporter.
 14555 | Lair:2   | Found a transporter.
 14556 | Lair:2   | Noticed sizableburger's ghost (journeyman DrCj)
 14659 | Lair:2   | Killed sizableburger's ghost
 15086 | Lair:2   | Noticed a fire dragon
 15094 | Lair:2   | Killed a fire dragon
 15447 | Lair:3   | Reached skill level 15 in Axes
 15615 | Lair:3   | Received a gift from Okawaru
 15670 | Lair:3   | Found a staircase to the Swamp.
 15856 | Lair:3   | You fall into a shaft and drop 1 floor!
 16140 | Lair:3   | Noticed Nergalle
 16150 | Lair:3   | Killed Nergalle
 17178 | Lair:4   | Found a staircase to the Snake Pit.
 17183 | Lair:4   | Reached XP level 14. HP: 127/127 MP: 17/20
 17642 | Lair:5   | Found a frozen archway.
 17667 | IceCv    | Entered an ice cave
 17683 | IceCv    | Found a transporter.
 17731 | IceCv    | Found a transporter.
 17841 | Lair:5   | Noticed Kirke
 17850 | Lair:5   | Received a gift from Okawaru
 17853 | Lair:5   | Reached skill level 10 in Fighting
 17854 | Lair:5   | Killed Kirke
 17857 | Lair:5   | Got a crystal demon blade {god gift}
 17858 | Lair:5   | Identified the +3 demon blade "Bingo" {venom, Will+ Int-3
                  | Dex+2} (Okawaru gifted it to you on level 5 of the Lair of
                  | Beasts)
 18660 | Lair:6   | Entered Level 6 of the Lair of Beasts
 18686 | Lair:6   | Reached skill level 10 in Shields
 18751 | Lair:6   | Acquired the +4 hand axe "Ynuymeq" {flame, +Inv Str+7
                  | Int-2}
 18813 | Lair:6   | Received a gift from Okawaru
 18821 | Lair:6   | Got a faintly glowing barding {god gift}
 18822 | Lair:6   | Identified the +4 barding of the Camelopard {Str-2 Int+6}
                  | (Okawaru gifted it to you on level 6 of the Lair of Beasts)
 18860 | Lair:6   | Acquired 562 gold pieces
 19320 | D:5      | Bought a scroll of brand weapon for 260 gold pieces
 19320 | D:5      | Bought a scroll of teleportation for 39 gold pieces
 19320 | D:5      | Bought a scroll of teleportation for 39 gold pieces
 19320 | D:5      | Bought a scroll of enchant weapon for 97 gold pieces
 19352 | D:5      | Bought a potion of haste for 140 gold pieces
 19461 | D:7      | Bought an ichor-stained chain mail for 275 gold pieces
 19461 | D:7      | Identified the +3 chain mail of Weak Amelioration {rPois
                  | Slay+2} (You bought it in a shop on level 7 of the Dungeon)
 19812 | Lair:6   | Reached skill level 1 in Evocations
 19919 | Lair:6   | Got a blackened mace
 19920 | Lair:6   | Identified the +3 mace "Vines" {speed, +Fly rN+ Int+2} (You
                  | found it on level 6 of the Lair of Beasts)
 20291 | Lair:6   | Noticed Sonja
 20299 | Lair:6   | Killed Sonja
 20350 | Lair:6   | Got a bloodstained scale mail
 20351 | Lair:6   | Identified the +4 scale mail of the Foremost Portals {rPois
                  | Dex+4} (You found it on level 6 of the Lair of Beasts)
 20413 | Lair:6   | Reached skill level 10 in Invocations
 20416 | Lair:6   | Found a burning altar of Makhleb.
 20446 | Lair:6   | Reached XP level 15. HP: 61/136 MP: 20/22
 20524 | Lair:6   | Found a gateway to Hell.
 20654 | Lair:6   | Found a staircase to the Slime Pits.
 20873 | Lair:6   | Received a gift from Okawaru
 20874 | Lair:6   | Found the +7 Kryia's mail coat {PotionHeal*2 rC+}
 21271 | Snake:1  | Entered Level 1 of the Snake Pit
 21382 | Snake:1  | Found Ysyesug's Weapon Shoppe.
 21395 | Snake:1  | Reached skill level 11 in Fighting
 22267 | Snake:2  | Noticed Aizul
 22294 | Snake:2  | Killed Aizul
 23725 | Snake:3  | Received a gift from Okawaru
 24362 | Snake:3  | Noticed a nagaraja
 24367 | Snake:3  | Reached skill level 5 in Evocations
 24381 | Snake:3  | Killed a nagaraja
 24443 | Snake:3  | Reached XP level 16. HP: 125/147 MP: 24/24
 24808 | Snake:4  | Entered Level 4 of the Snake Pit
 24819 | Snake:3  | Received a gift from Okawaru
 25060 | Snake:4  | Reached skill level 10 in Armour
 25134 | Snake:4  | Found Gekk's Armour Boutique.
 25134 | Snake:4  | Found Mutugel's Gadget Shop.
 25248 | Snake:4  | Reached skill level 12 in Fighting
 25413 | Snake:4  | Found Kidiugh's Gadget Shoppe.
 25497 | Snake:4  | Received a gift from Okawaru
 26060 | Snake:4  | Received a gift from Okawaru
 26114 | Snake:4  | Reached XP level 17. HP: 138/158 MP: 26/26
 26122 | Snake:4  | Received a gift from Okawaru
 26418 | Snake:4  | Got a serpentine rune of Zot
 26733 | Orc:1    | Entered Level 1 of the Orcish Mines
 27028 | Orc:1    | Noticed Xelitey Juot's ghost (novice MiFi)
 27033 | Orc:1    | Found a runed translucent gate.
 27033 | Orc:1    | Found a runed translucent gate.
 27033 | Orc:1    | Found a runed translucent gate.
 27099 | Orc:1    | Found a radiant altar of Vehumet.
 27546 | Orc:1    | Killed Xelitey Juot's ghost
 27578 | Orc:2    | Entered Level 2 of the Orcish Mines
 27580 | Orc:2    | Found Bebbu's Book Boutique.
 27617 | Orc:2    | Noticed Donald
 27645 | Orc:2    | Killed Donald
 27672 | Orc:2    | Found a staircase to the Elven Halls.
 27712 | Orc:2    | Gained mutation: You are dopey. (Int -2) [a neqoxec]
 27746 | Orc:2    | Received a gift from Okawaru
 27763 | Orc:2    | Found Vaby's Antique Weapon Shoppe.
 27764 | Orc:2    | Found a roughly hewn altar of Beogh.
 27767 | Orc:2    | Found Xozougho's Antique Armour Emporium.
 27986 | Orc:2    | Found a roughly hewn altar of Beogh.
 28037 | Orc:2    | Found a roughly hewn altar of Beogh.
 28109 | Orc:2    | Found a roughly hewn altar of Beogh.
 28119 | Orc:2    | Found Yhiwk's Weapon Shop.
 28276 | Orc:2    | Bought a pair of runed gloves for 187 gold pieces
 28388 | Orc:2    | Found a roughly hewn altar of Beogh.
 28400 | Orc:2    | Found Atuaniog's Weapon Shop.
 28792 | Swamp:1  | Entered Level 1 of the Swamp
 28827 | Swamp:1  | Reached skill level 13 in Fighting
 29477 | Swamp:2  | Received a gift from Okawaru
 29844 | Swamp:2  | Found a runed translucent gate.
 29844 | Swamp:2  | Found a runed translucent gate.
 29844 | Swamp:2  | Found a runed translucent gate.
 29845 | Swamp:2  | Noticed Buem's ghost (adept OgAM)
 29877 | Swamp:2  | Killed Buem's ghost
 30162 | Swamp:3  | Reached XP level 18. HP: 152/169 MP: 28/28
 30604 | Swamp:4  | Entered Level 4 of the Swamp
 30773 | Swamp:4  | Received a gift from Okawaru
 31064 | Swamp:4  | Got a decaying rune of Zot
 32011 | D:13     | Found a transporter.
 32660 | D:13     | HP: 8/170 [burnt (5)]
 32663 | D:13     | HP: 3/170 [burnt (6)]
 32673 | D:13     | HP: 6/170 [burnt (4)]
 32678 | D:13     | HP: 5/170 [burnt (6)]
 32997 | D:13     | Killed Mallanif's ghost
 33067 | D:14     | Found a white marble altar of Elyvilon.
 33233 | D:14     | Found a gate to the Vaults.
 33612 | D:14     | Noticed Jorgrun
 33623 | D:14     | Killed Jorgrun
 33767 | D:14     | Reached skill level 14 in Fighting
 33984 | D:14     | Received a gift from Okawaru
 34014 | D:14     | Noticed Josephine
 34027 | D:14     | Killed Josephine
 34695 | D:15     | Entered Level 15 of the Dungeon
 34747 | D:15     | Found Teanuw's Armour Emporium.
 35001 | D:15     | Noticed Louise
 35017 | D:15     | Killed Louise
 35164 | D:15     | Found a basalt altar of Yredelemnul.
 35339 | D:15     | Found a staircase to the Depths.
 35349 | D:15     | Reached XP level 19. HP: 178/178 MP: 29/29
 35607 | Elf:1    | Entered Level 1 of the Elven Halls
 35627 | Elf:1    | Found Kiklame's Magic Scroll Shop.
 35635 | Elf:1    | Bought a scroll of enchant armour for 105 gold pieces
 35690 | Elf:1    | Found Niphafey's Distillery.
 35696 | Elf:1    | Found Niote's Antique Weapon Shop.
 36037 | Elf:1    | Found Udaing's Antique Weapon Shoppe.
 36096 | Elf:1    | Bought a twisted broad axe for 234 gold pieces
 36096 | Elf:1    | Identified the cursed +2 broad axe of Disarray {protect,
                  | *Corrode rN++ Str+6} (You bought it in a shop on level 1 of
                  | the Elven Halls)
 36185 | Elf:1    | Received a gift from Okawaru
 37334 | Elf:2    | Found a runed translucent gate.
 37532 | Elf:2    | Found a runed translucent gate.
 37532 | Elf:2    | Found a runed translucent gate.
 38057 | Elf:2    | Noticed Asterion
 38117 | Elf:1    | Killed Asterion
 38576 | Elf:2    | Reached skill level 15 in Invocations
 38709 | Elf:3    | Entered Level 3 of the Elven Halls
 39019 | Elf:3    | Upgraded the game from 0.26.0-45-g9c1d065592 to
                  | 0.26.0-57-g60708a5e39
 39076 | Elf:3    | Received a gift from Okawaru
 39083 | Elf:3    | Got a fine war axe {god gift}
 39084 | Elf:3    | Identified the +10 war axe "Xoibecku" {flame, rF+ rC+
                  | Str-5} (Okawaru gifted it to you on level 3 of the Elven
                  | Halls)
 39150 | Elf:3    | Reached skill level 15 in Shields
 39848 | Elf:3    | Identified the amulet "Cuifogab" {rC+ Regen+}
 39848 | Elf:3    | Identified the ring of Fakefail {+Fly rElec Dex+2 Stlth-}
 39849 | Elf:3    | Noticed a Tzitzimitl
 39894 | Elf:3    | Received a gift from Okawaru
 39897 | Elf:3    | Reached skill level 15 in Fighting
 40407 | Elf:3    | Reached XP level 20. HP: 172/190 MP: 31/31
 40427 | Elf:3    | Identified Veuclel's Wizardry, Part One
 40456 | Elf:3    | Identified the cursed +1 scale mail "Qailluf" {Harm rC+
                  | Dex+2 Slay+2} (You found it on level 3 of the Elven Halls)
 40571 | Elf:3    | Found the +7 mace of Variability {chain chaos}
 40597 | Elf:3    | Identified the Handbook of Dislocation
 40617 | Elf:3    | Got a twisted broad axe
 40620 | Elf:3    | Identified the cursed +2 broad axe "Kuvva" {protect, rF+
                  | Str+3 Int+4} (You found it on level 3 of the Elven Halls)
 41005 | Vaults:1 | Entered Level 1 of the Vaults
 41024 | Vaults:1 | Found Rets's Magic Scroll Shop.
 41046 | Vaults:1 | Bought a scroll of enchant armour for 142 gold pieces
 41046 | Vaults:1 | Bought a scroll of identify for 38 gold pieces
 41046 | Vaults:1 | Bought a scroll of identify for 38 gold pieces
 41046 | Vaults:1 | Bought 3 scrolls of blinking for 427 gold pieces
 41046 | Vaults:1 | Bought a scroll of enchant weapon for 142 gold pieces
 41046 | Vaults:1 | Bought a scroll of identify for 38 gold pieces
 42052 | Vaults:1 | Received a gift from Okawaru
 42263 | Vaults:1 | You are sucked into a shaft and drop 1 floor!
 42873 | Vaults:2 | Reached skill level 16 in Fighting
 43182 | Vaults:2 | Reached skill level 1 in Spellcasting
 43452 | Vaults:2 | Reached XP level 21. HP: 202/202 MP: 33/33
 43760 | Vaults:2 | Received a gift from Okawaru
 43810 | Vaults:2 | Got a warped broad axe {god gift}
 43811 | Vaults:2 | Identified the +10 broad axe of the Iron City of Dis
                  | {vorpal, Will+} (Okawaru gifted it to you on level 2 of the
                  | Vaults)
 44621 | Vaults:3 | Received a gift from Okawaru
 44707 | Vaults:3 | Found a runed translucent gate.
 44707 | Vaults:3 | Found an opulent altar of Gozag.
 44708 | Vaults:3 | Found a runed translucent gate.
 44708 | Vaults:3 | Found a runed translucent gate.
 44708 | Vaults:3 | Noticed SlowGraham's ghost (legendary KoMo)
 44741 | Vaults:3 | Found Hepigrium's Assorted Antiques.
 44763 | Vaults:3 | Reached skill level 17 in Fighting
 44824 | Vaults:3 | Killed SlowGraham's ghost
 45128 | Vaults:3 | Found Botenlox's Assorted Antiques.
 45196 | Vaults:3 | Found a staircase to the Crypt.
 45404 | Crypt:1  | Entered Level 1 of the Crypt
 45478 | Crypt:1  | Noticed Mennas
 45574 | Crypt:1  | Killed Mennas
 47818 | Vaults:4 | Received a gift from Okawaru
 48031 | Vaults:4 | Reached XP level 22. HP: 215/215 MP: 34/34
 48138 | Vaults:4 | Reached skill level 18 in Fighting
 48141 | Vaults:4 | Reached skill level 5 in Spellcasting
 49933 | Vaults:5 | Entered Level 5 of the Vaults
 49941 | Vaults:5 | Noticed a golden dragon
 49948 | Vaults:5 | Received a gift from Okawaru
 49986 | Vaults:5 | Killed a golden dragon
 49986 | Vaults:5 | Received a gift from Okawaru
 50053 | Vaults:5 | Noticed a golden dragon
 50084 | Vaults:4 | Killed a golden dragon
 50232 | Vaults:4 | HP: 8/214 [frost giant/bolt of cold (14)]
 50235 | Vaults:4 | Received a gift from Okawaru
 50246 | Vaults:4 | Got a buzzing plate armour {god gift}
 50247 | Vaults:4 | Identified the +1 plate armour of the Planets {Harm}
                  | (Okawaru gifted it to you on level 4 of the Vaults)
 50475 | Vaults:5 | Reached skill level 19 in Fighting
 50653 | Vaults:4 | Reached XP level 23. HP: 166/227 MP: 35/35
 50733 | Vaults:5 | Reached skill level 15 in Armour
 50851 | Vaults:5 | Got a transparent broad axe {god gift}
 50858 | Vaults:4 | Identified the +1 broad axe of Honour {vorpal, +Blink rElec
                  | Will+ Str-5} (Okawaru gifted it to you on level 5 of the
                  | Vaults)
 51348 | Vaults:4 | Received a gift from Okawaru
 51355 | Vaults:4 | Got fine shadow dragon scales {god gift}
 51356 | Vaults:4 | Identified the +1 shadow dragon scales of Josoanek {rPois
                  | Str+3 Int+5 Stlth++++} (Okawaru gifted it to you on level 4
                  | of the Vaults)
 51398 | Vaults:4 | Gained mutation: You are very dopey. (Int -4) [a shining
                  | eye]
 51400 | Vaults:4 | Gained mutation: You are frail. (-10% HP) [a shining eye]
 52113 | Vaults:5 | Got a silver rune of Zot
 52473 | Vaults:5 | Found Kimukikk's Weapon Emporium.
 53254 | Vaults:5 | Got a bound lead ring
 53261 | Vaults:5 | Got a jewelled war axe
 53280 | Vaults:5 | Got a pitted pewter ring
 53371 | Vaults:5 | Identified the +3 ring mail of Hiaggeeh {Dex+4} (You found
                  | it on level 5 of the Vaults)
 53377 | Vaults:5 | Identified the ring "Ytwinn" {rCorr Str+5 Slay+5} (You
                  | found it on level 5 of the Vaults)
 53379 | Vaults:5 | Identified the ring "Faleh" {+Blink rF+ Str-4 Dex+5} (You
                  | found it on level 5 of the Vaults)
 53684 | D:11     | Identified the +9 war axe of Shrieking Terror {holy, rF-
                  | Int+2 Dex+3} (You found it on level 5 of the Vaults)
 54679 | Crypt:1  | Found the +3 giant club "Skullcrusher" {speed, Str+7}
 54783 | Crypt:1  | Noticed Sojobo
 54822 | Crypt:1  | HP: 3/207 [tengu reaver/bolt of lightning[Sojobo] (38)]
 55182 | Crypt:1  | Killed Sojobo
 55598 | Crypt:2  | Noticed Bai Suzhen
 55621 | Crypt:1  | Killed Bai Suzhen
 56436 | Crypt:2  | Reached skill level 20 in Fighting
 57338 | Crypt:3  | Entered Level 3 of the Crypt
 57726 | Crypt:3  | Found an ancient bone altar of Kikubaaqudgha.
 57734 | Crypt:3  | Received a gift from Okawaru
 57741 | Crypt:3  | Reached XP level 24. HP: 217/217 MP: 36/36
 58384 | Crypt:3  | Found the +5 scythe "Finisher" {speed, eviscerate}
 59365 | Crypt:3  | Got a shimmering iron ring
 59367 | Crypt:3  | Identified the ring of Xemeg {Ice Dex+2 Slay+3 Stlth+} (You
                  | found it on level 3 of the Crypt)
 59416 | Crypt:3  | Received a gift from Okawaru
 59680 | Crypt:3  | Reached skill level 10 in Evocations
 59731 | Crypt:3  | Got a translucent chain mail {god gift}
 59742 | Crypt:3  | Identified the +2 chain mail "Duef" {rC+ Str+2} (Okawaru
                  | gifted it to you on level 3 of the Crypt)
 59768 | Crypt:3  | Noticed Khufu
 60011 | Crypt:2  | Killed Khufu
 60196 | Crypt:3  | Found a staircase to the Tomb.
 60231 | Tomb:1   | Entered Level 1 of the Tomb of the Ancients
 61081 | Slime:1  | Entered Level 1 of the Pits of Slime
 61326 | Slime:2  | Gained mutation: Your body sometimes deteriorates upon
                  | taking damage. [a shining eye]
 61326 | Slime:2  | Gained mutation: You are weak. (Str -2) [a shining eye]
 61328 | Slime:2  | Gained mutation: You tend to lose your temper in combat. [a
                  | shining eye]
 61330 | Slime:2  | Gained mutation: You are very weak. (Str -4) [a shining
                  | eye]
 61819 | Slime:3  | Reached skill level 21 in Fighting
 61873 | Slime:5  | Entered Level 5 of the Pits of Slime
 61931 | Slime:4  | Gained mutation: You are clumsy. (Dex -2) [a shining eye]
 61934 | Slime:4  | Gained mutation: Your body often deteriorates upon taking
                  | damage. [a shining eye]
 62294 | Slime:5  | Found a viscous altar of Jiyva.
 62301 | Slime:5  | Gained mutation: Your magical capacity is low. (-10% MP) [a
                  | shining eye]
 62302 | Slime:5  | Found the ring of the Hare {EV+8}
 62302 | Slime:5  | Received a gift from Okawaru
 62303 | Slime:5  | Found the +8 mithril axe "Arga" {speed, Will+}
 62388 | Slime:5  | Noticed the Royal Jelly
 62406 | Slime:5  | Killed the Royal Jelly
 62407 | Slime:5  | Reached XP level 25. HP: 52/228 MP: 32/32
 62870 | Slime:5  | Got an ancient jade ring
 62885 | Slime:5  | Identified the ring of Wiffikk {Will+ EV+4} (You found it
                  | on level 5 of the Pits of Slime)
 62948 | Slime:5  | Got a slimy rune of Zot
 62982 | Slime:5  | Gained mutation: You often lose your temper in combat. [a
                  | shining eye]
 63262 | D:11     | Lost mutation: You are very dopey. (Int -4) [potion of
                  | mutation]
 63262 | D:11     | Lost mutation: You are clumsy. (Dex -2) [potion of
                  | mutation]
 63262 | D:11     | Gained mutation: You are very dopey. (Int -4) [potion of
                  | mutation]
 63262 | D:11     | Gained mutation: You have sharp toenails. [potion of
                  | mutation]
 63263 | D:11     | Lost mutation: Your magical capacity is low. (-10% MP)
                  | [potion of mutation]
 63263 | D:11     | Lost mutation: Your body often deteriorates upon taking
                  | damage. [potion of mutation]
 63263 | D:11     | Lost mutation: You are very weak. (Str -4) [potion of
                  | mutation]
 63263 | D:11     | Gained mutation: Your tail ends in a poisonous barb.
                  | [potion of mutation]
 63263 | D:11     | Lost mutation: You are very dopey. (Int -4) [potion of
                  | mutation]
 63490 | Slime:5  | Got a smoking hunting sling
 63491 | Slime:5  | Identified the cursed +2 hunting sling of Big Damage
                  | {venom, +Blink rF+++ rC- Stlth+} (You found it on level 5
                  | of the Pits of Slime)
 63494 | Slime:5  | Got a bloodstained ring mail
 63505 | Slime:5  | Identified the +5 ring mail of Generosity {-Cast +Inv
                  | Will++ Int+4} (You found it on level 5 of the Pits of
                  | Slime)
 64298 | Crypt:3  | Lost mutation: Your spells are a little easier to cast, but
                  | a little less powerful. [potion of mutation]
 64298 | Crypt:3  | Lost mutation: You have sharp toenails. [potion of
                  | mutation]
 64298 | Crypt:3  | Gained mutation: You are strong-willed. (Will+) [potion of
                  | mutation]
 64298 | Crypt:3  | Gained mutation: You are highly strong-willed. (Will++)
                  | [potion of mutation]
 64340 | Crypt:3  | Found the +8 trident of the Octopus King {venom, rElec
                  | rPois Will+}
 64355 | Crypt:3  | Got a slimy pewter ring
 64355 | Crypt:3  | Got a coiled wooden ring
 64361 | Crypt:3  | Identified the ring "Gugy" {rF++ rN+} (You found it on
                  | level 3 of the Crypt)
 64363 | Crypt:3  | Identified the ring of Ruivaoc {rN+ Will+ Str-4 Dex+4
                  | Stlth+} (You found it on level 3 of the Crypt)
 64899 | Hell     | Entered the Vestibule of Hell
 64899 | Hell     | Noticed Geryon
 65586 | Hell     | Found a gateway to the ashen valley of Gehenna.
 65791 | Hell     | Found a gateway to the decaying netherworld of Tartarus.
 66100 | Hell     | Gained mutation: You are occasionally teleported next to
                  | monsters. [a cacodemon]
 66130 | Hell     | Received a gift from Okawaru
 66239 | Hell     | Found a gateway to the freezing wastes of Cocytus.
 66321 | Hell     | Killed Geryon
 66423 | Hell     | Noticed Murray
 66450 | Hell     | Killed Murray
 66545 | Hell     | Received a gift from Okawaru
 66551 | Hell     | Found a gateway to the Iron City of Dis.
 66565 | Hell     | Got an ichor-stained broad axe {god gift}
 66566 | Hell     | Identified the +5 broad axe "Xitock" {freeze, *Noise rPois
                  | Int+7} (Okawaru gifted it to you in the Vestibule of Hell)
 66739 | Geh:1    | Entered Level 1 of Gehenna
 66739 | Geh:1    | Found a gateway to Hell.
 66932 | Hell     | Reached skill level 10 in Spellcasting
 67113 | Geh:1    | Reached skill level 22 in Fighting
 67467 | Geh:1    | Received a gift from Okawaru
 68546 | Geh:1    | Reached XP level 26. HP: 240/240 MP: 37/37
 68582 | Geh:2    | Found a gateway to Hell.
 68626 | Geh:2    | Found a gateway to Hell.
 68745 | Geh:2    | Received a gift from Okawaru
 69472 | Geh:2    | Received a gift from Okawaru
 69475 | Geh:2    | Reached skill level 23 in Fighting
 70270 | Geh:2    | Found a gateway to Hell.
 70492 | Geh:3    | Found a gateway to Hell.
 70691 | Geh:3    | Received a gift from Okawaru
 70811 | Geh:3    | Received a gift from Okawaru
 70967 | Geh:3    | Found a gateway to Hell.
 71062 | Geh:3    | Found a gateway to Hell.
 71370 | Geh:3    | Received a gift from Okawaru
 71707 | Geh:4    | Found a gateway to Hell.
 71734 | Geh:4    | Reached XP level 27. HP: 202/252 MP: 38/38
 71780 | Geh:4    | HP: 12/252 [balrug/divine providence (10)]
 71780 | Geh:4    | HP: 2/252 [balrug/divine providence (10)]
 72149 | Geh:4    | Found a gateway to Hell.
 72306 | Geh:4    | Found a gateway to Hell.
 72364 | Geh:4    | Reached skill level 24 in Fighting
 72726 | Geh:5    | Found a gateway to Hell.
 72799 | Geh:6    | Found a gateway to Hell.
 72852 | Geh:7    | Entered Level 7 of Gehenna
 72852 | Geh:7    | Found a gateway to Hell.
 72852 | Geh:7    | Found a gateway to Hell.
 72852 | Geh:7    | Found a gateway to Hell.
 73148 | Geh:7    | Identified the Collected Works on Malediction
 73206 | Geh:7    | Received a gift from Okawaru
 73228 | Geh:7    | Got a spiked barding {god gift}
 73229 | Geh:7    | Identified the +1 barding of Catatonia {+Inv MP-9 Int+8
                  | Stlth-} (Okawaru gifted it to you on level 7 of Gehenna)
 73395 | Geh:7    | HP: 4/256 [smoke demon/divine providence (11)]
 73405 | Geh:7    | HP: 11/256 [balrug/divine providence (13)]
 74203 | Depths:1 | Entered Level 1 of the Depths
 74673 | Depths:1 | Reached skill level 25 in Fighting
 74680 | Depths:1 | Found a broken altar of Ashenzari.
 75063 | Depths:1 | Found Oseleon's Gadget Shoppe.
 75083 | Depths:1 | Bought a wand of acid (4) for 192 gold pieces
 75083 | Depths:1 | Bought a wand of iceblast (14) for 216 gold pieces
 75437 | Depths:2 | Found Gozag's Antique Weapon Emporium.
 75449 | Depths:2 | Found an opulent altar of Gozag.
 75476 | Depths:2 | Received a gift from Okawaru
 75505 | Depths:2 | Found Gozag's Antique Armour Shoppe.
 75549 | Depths:2 | Found Gozag's Antique Armour Shoppe.
 75905 | Depths:2 | Found a gateway to a ziggurat.
 75907 | Depths:2 | Paralysed by a floating eye for 2 turns
 75911 | Depths:2 | Paralysed by a floating eye for 3 turns
 75917 | Depths:2 | Paralysed by a floating eye for 4 turns
 76168 | Depths:2 | Paralysed by a floating eye for 2 turns
 76560 | Depths:3 | Noticed a juggernaut
 76583 | Depths:3 | Noticed the Enchantress
 76584 | Depths:3 | Identified the ring "Luor" {Wiz Dex+3}
 76591 | Depths:3 | Killed a juggernaut
 76597 | Depths:3 | Reached skill level 26 in Fighting
 76606 | Depths:3 | Killed the Enchantress
 76655 | Depths:3 | Received a gift from Okawaru
 77171 | Depths:3 | Found a one-way gate leading to the halls of Pandemonium.
 77194 | Depths:3 | Identified the Guide on Summoning and Ice
 77218 | Depths:3 | Received a gift from Okawaru
 77315 | Depths:3 | Lost mutation: You are frail. (-10% HP) [potion of
                  | mutation]
 77315 | Depths:3 | Lost mutation: You are occasionally teleported next to
                  | monsters. [potion of mutation]
 77315 | Depths:3 | Gained mutation: Your spells are a little harder to cast,
                  | but a little more powerful. [potion of mutation]
 77315 | Depths:3 | Gained mutation: You have sharp fingernails. [potion of
                  | mutation]
 77606 | Depths:3 | Found a sparkling altar of Nemelex Xobeh.
 78196 | Depths:4 | Identified the +5 chain mail of Nihilism {rF+ Str-3 Dex+4}
                  | (You found it on level 4 of the Depths)
 78634 | Depths:4 | Noticed Saint Roka
 78657 | Depths:4 | Killed Saint Roka
 78698 | Depths:4 | Found a corrupted altar of Lugonu.
 78913 | Depths:4 | Paralysed by a floating eye for 2 turns
 78932 | Depths:4 | Received a gift from Okawaru
 79838 | Depths:5 | Entered Level 5 of the Depths
 80640 | Depths:5 | Identified the Almanac of the Twisted Mountains
 80661 | Depths:5 | Paralysed by a floating eye for 3 turns
 80680 | Depths:5 | Noticed Margery
 80692 | Depths:5 | Killed Margery
 80800 | Depths:5 | Reached skill level 27 in Fighting
 80800 | Depths:5 | Received a gift from Okawaru
 80858 | Depths:5 | Found a gate to the Realm of Zot.
 81277 | Depths:5 | Identified the Compendium of Fiery Sinister Arts
 81449 | Zot:1    | Entered Level 1 of the Realm of Zot
 81577 | Zot:1    | Reached skill level 15 in Evocations
 81631 | Zot:1    | Received a gift from Okawaru
 82376 | Zot:2    | Received a gift from Okawaru
 82383 | Zot:2    | Identified the +0 plate armour of Unuw {+Inv rPois Dex+2}
                  | (Okawaru gifted it to you on level 2 of the Realm of Zot)
 82655 | D:11     | Upgraded the game from 0.26.0-57-g60708a5e39 to
                  | 0.26.0-90-g5fd8617961
 83822 | Geh:6    | Found a huge runed gate.
 83823 | Geh:6    | Found a huge runed gate.
 83823 | Geh:6    | Found a huge runed gate.
 83824 | Geh:6    | Found a huge runed gate.
 83825 | Geh:6    | Found a huge runed gate.
 83853 | Geh:6    | Found a huge runed gate.
 83856 | Geh:6    | Found a huge runed gate.
 83874 | Geh:6    | HP: 3/292 [Hell Sentinel (23)]
 83874 | Geh:6    | Killed from afar by a balrug

Illustrated notes

Levels and vault maps discovered:
D:1:      saegor_arrival_simple_e, layout_rooms
D:2:      layout_basic, lemuel_round_altar
D:3:      layout_basic, lemuel_crystal_altar,
          gammafunk_temple_overflow_forgotten, kennysheep_slug_shrine,
          kennysheep_jessica_study, uniq_crazy_yiuf_cottage
D:4:      layout_basic, overflow_temple_1_default, kennysheep_generic_room_15
D:5:      layout_gridville, doesnt_xom_only_xom, basic_altar, serial_shops,
          nicolae_shop_statue_plus, nicolae_shop_crystal, shop,
          nicolae_shop_competitors_out_of_business
D:6:      layout_loops_cross, overflow_temple_1_default,
          minmay_temple_entry_glassed_door
D:7:      layout_rooms, nicolae_overflow_hidden_temple, serial_shops,
          nicolae_shop_behind_doors, minmay_misc_feat_doors,
          nicolae_zen_rock_garden, tgw_kikubaaqudgha, uniq_menkaure
D:8:      layout_layer_cave, basic_altar
D:9:      layout_long_grid, kennysheep_little_box,
          nicolae_overflow_crystal_walls, led_sif_book
D:10:     gammafunk_beogh_shrine, layout_loops_cross, david_orc_5,
          enter_bailey_5
D:11:     layout_rooms, david_lair_shrubbed
D:12:     layout_long_grid, basic_altar, nicolae_transmutations_shop
D:13:     layout_basic, gammafunk_ghost_abyssal_escape,
          nrook_guardian_serpent_double
D:14:     layout_layer_cave, david_vaults_4, special_room [special_room_bee],
          nicolae_twisting_strands, amcnicky_altar_gilded, uniq_jorgrun,
          uniq_josephine
D:15:     grunt_enter_depths_snipers, layout_cave_pools, serial_shops, shop,
          grunt_decor_resistance, yredelemnul_altar_generic, uniq_louise
Temple:   nicolae_temple_figure_zero
Lair:1:   layout_small_grid, grunt_forest_large_clearing_hut, uniq_gastronok
Lair:2:   dragon1_lemuel, layout_cave_pods, gammafunk_ghost_hive
Lair:3:   layout_chaotic_city, swamp_mist, serial_bayou_shore_b,
          grunt_megastairs_5, lemuel_fruit_tree, uniq_nergalle
Lair:4:   layout_regular_city, guppyfry_snake_entry_garden,
          minmay_lair_oklob_bushes, infiniplex_staircase_pool,
          grunt_megastairs_2
Lair:5:   layout_loops_ring, portal_ice_cave_rime, uniq_kirke
Lair:6:   evil_forest, layout_concentric_octagons,
          minmay_slime_entry_oklob_enclosed, uniq_sonja
Swamp:1:  layout_basic_swamp, evilmike_swamp_ruin_rubble_2, swamp_pool1,
          nicolae_swamp_spriggan_camp
Swamp:2:  layout_basic_swamp, ebering_ghost_rock_garden, hangedman_swamp_blocks
Swamp:3:  layout_basic_swamp, evilmike_swamp_ruin_house_5
Swamp:4:  swamp_basic_johnstein, layout_basic_swamp, swamp_pool2,
          nicolae_swamp_treefoil
Snake:1:  layout_cave_pods, serial_shops, nicolae_shop_stone
Snake:2:  nicolae_snakescales, layout_misc_corridors, uniq_aizul
Snake:3:  layout_basic, serial_bayou_crossing
Snake:4:  grunt_snake_rune_serpentine_throne, layout_rooms, serial_shops,
          nicolae_shop_behind_doors, drop_trap, minmay_shoptagon,
          serial_bayou_shore_b
Slime:1:  layout_caves
Slime:2:  layout_caves
Slime:3:  layout_caves
Slime:4:  layout_caves, cheibrodos_slime_lost_civilization_4
Slime:5
Orc:1:    layout_caves, gammafunk_ghost_split, basic_altar
Orc:2:    grunt_orc_community_town_hall, layout_diamond_mine,
          grunt_orc_community_big_house_1, grunt_orc_community_big_house_2,
          grunt_orc_community_house_2, grunt_orc_community_house_2,
          grunt_orc_community_house_1, grunt_orc_community_house_1,
          serial_shops, shop_statue, uniq_donald
Elf:1:    layout_onion_city, serial_shops, shop, nicolae_shop_stone, shop,
          nicolae_shop_trees, minivault_28
Elf:2:    layout_gridlike, uniq_asterion
Elf:3:    elf_hall_gauntlet_wide, layout_geoelf_castle, minivault_16
Vaults:1: vaults_mumra_chevron, grunt_vaults_funnel, vaults_room_pool,
          v_misc_24, nicolae_vaults_display_case, v_misc_26,
          ontoclasm_vaults_chip, layout_vaults_omnigrid, serial_shops, shop
Vaults:2: ontoclasm_vaults_fault, v_rooms_3, v_alt_pattern_5, v_misc_33,
          vaults_room_door_ring, hangedman_vaults_hat, v_misc_10,
          ontoclasm_vaults_decontamination,
          nicolae_vaults_windows_and_doors_thing,
          nicolae_vaults_branching_niches, vaults_room_stairs_pillars,
          ontoclasm_vaults_loading_screen, layout_vaults_omnibox
Vaults:3: ebering_vaults_ghost_gozag, ontoclasm_vaults_ring_large,
          nicolae_vaults_little_squares_1, v_misc_1,
          vaults_standard_mumra_lines, nicolae_vaults_diagonal_hallway_7,
          layout_vaults_big_room, serial_shops,
          nicolae_shop_temple_entry_statues_fountains
Vaults:4: v_misc_16, hangedman_vaults_maws, vaults_room_guarded_vault,
          v_misc_33, ontoclasm_vaults_ligature, vaults_dpeg_doors, v_misc_22,
          hangedman_vaults_locks, hangedman_vaults_slice,
          vaults_standard_mumra_enter_the_diamond, ontoclasm_vaults_shuriken,
          layout_vaults_omnicross
Vaults:5
Crypt:1:  layout_basic, minmay_guarded_unrand_skullcrusher, uniq_mennas,
          uniq_sojobo
Crypt:2:  layout_catacombs, grunt_ministairs_6, minmay_misc_feat_five,
          uniq_bai_suzhen
Crypt:3:  grunt_crypt_end_deaths_head
Tomb:1
Depths:1: layout_cave_pools, pf_hell_entry_tar_spiral, ashenzari_altar_1,
          kennysheep_small_square
Depths:2: kennysheep_gozag_temple, layout_gridlike, enter_ziggurat_c,
          hell_entry, kennysheep_dice
Depths:3: minmay_the_grid_square_5x5_4x4_mashed
          [minmay_the_grid_square_5x5_longway,
          minmay_the_grid_square_5x5_two_walls_a,
          minmay_the_grid_square_5x5_half_checkered,
          minmay_the_grid_square_5x5_mess, minmay_the_grid_square_5x5_fat_x,
          minmay_the_grid_square_5x5_prize_snowflake,
          minmay_the_grid_square_5x5_prize_junk,
          minmay_the_grid_square_5x5_slash,
          minmay_the_grid_square_5x5_pentomino_r,
          minmay_the_grid_square_5x5_prize_gold,
          minmay_the_grid_square_5x5_prize_waves,
          minmay_the_grid_square_5x5_two_walls_b,
          minmay_the_grid_square_5x5_three_walls,
          minmay_the_grid_square_5x5_plus, minmay_the_grid_square_5x5_lines,
          minmay_the_grid_square_5x5_percent], layout_gridlike, glass_columns_a,
          grunt_hell_entry_dis_old, pan_entry, nemelex_altar_shiori,
          uniq_enchantress
Depths:4: hangedman_arch_fort, layout_basic, hell_entry, pan_entry,
          abyss_entry_flame_altar, minmay_misc_feat_room, st_stairs_10,
          infiniplex_staircase_spiral_double, serial_bayou_shore_b,
          uniq_saint_roka
Depths:5: grunt_x_marks_the_spot, layout_gridlike, special_room
          [special_room_magic_class], hell_entry, minmay_misc_feat_rugged,
          hex_intersection, uniq_margery
Hell
Geh:1:    layout_gehenna_lava_caves
Geh:2:    layout_gehenna_lava_caves
Geh:3:    layout_gehenna_lava_caves
Geh:4:    layout_gehenna_pools_box
Geh:5:    layout_gehenna_lava_caves
Geh:6:    layout_gehenna_pools_triple, door_vault
Geh:7:    geh_hangedman
Zot:1:    layout_twisted_circle
Zot:2:    gammafunk_sealed_library, layout_cellular_growth,
          st_small_dragon_hoard_2, zot_minivault_1

Skill      XL: |  1  2  3  4  5  6  7  8  9 10 11 12 13 14 15 16 17 18 19 20 21 22 23 24 25 26 27 |
---------------+----------------------------------------------------------------------------------+-----
Shields        | 3 4 5 6 7 8 9 10 12 13 14 15 | 15.0
Axes           | 3 4 5 7 9 11 12 14 16 17 18 19 20 | 20.0
Armour         | 3 4 5 6 7 8 9 10 11 12 13 14 16 17 18 22 | 22.0
Dodging        | 1 2 3 4 5 6 |  6.6
Fighting       | 4 5 6 8 9 10 11 12 13 14 15 16 17 19 20 21 22 23 27 | 27.0
Invocations    | 3 6 8 10 11 12 13 14 15 16 17 18 19 22 | 22.1
Evocations     | 2 5 7 8 9 10 11 12 15 | 15.3
Spellcasting   | 2 4 6 8 9 10 11 | 11.6
Throwing       | |  0.3

Action                   |  1- 3 |  4- 6 |  7- 9 | 10-12 | 13-15 | 16-18 | 19-21 | 22-24 | 25-27 || total
-------------------------+-------+-------+-------+-------+-------+-------+-------+-------+-------++-------
Melee: War axe           |   139 |    45 |       |    19 |   730 |  1720 |  1703 |  1351 |  2968 ||  8675
       Tailslap          |    14 |    21 |    51 |   105 |   175 |   371 |   363 |   286 |   789 ||  2175
       Hand axe          |       |   225 |   380 |   613 |       |       |       |       |       ||  1218
       Broad axe         |       |       |       |       |   324 |    44 |   128 |       |   380 ||   876
       Sacred scourge    |       |       |       |       |       |       |    22 |       |       ||    22
Throw: Dart              |       |     2 |     4 |     6 |       |     3 |       |       |       ||    15
       Boomerang         |       |       |       |     1 |    11 |     8 |     1 |    17 |    22 ||    60
       Javelin           |       |       |       |       |       |       |       |     3 |       ||     3
Invok: Heroism           |       |       |       |     5 |     9 |     6 |     5 |     2 |     4 ||    31
       Finesse           |       |       |       |       |     1 |     5 |     2 |     3 |     2 ||    13
 Abil: Rolling Charge    |    14 |    31 |    42 |    54 |    88 |   141 |   101 |    71 |   274 ||   816
       Blink             |       |       |       |     1 |       |     3 |       |       |       ||     4
       Stop Flying       |       |       |       |       |       |       |       |     1 |     1 ||     2
       Evoke Flight      |       |       |       |       |       |       |       |     1 |     1 ||     2
Evoke: Wand              |       |       |       |       |     2 |       |       |       |     1 ||     3
       Lightning rod     |       |       |       |       |       |     4 |     2 |       |       ||     6
       Phial of floods   |       |       |       |       |       |     1 |       |       |       ||     1
       Condenser vane    |       |       |       |       |       |       |       |     3 |     2 ||     5
       Horn of Geryon    |       |       |       |       |       |       |       |       |     2 ||     2
       Tin of tremorston |       |       |       |       |       |       |       |       |     6 ||     6
  Use: Scroll            |     2 |     1 |    14 |    15 |    19 |    14 |     9 |     8 |    31 ||   113
       Potion            |       |     2 |     3 |     5 |     4 |     3 |     2 |     6 |    10 ||    35
 Stab: Distracted        |       |       |       |       |     1 |       |       |     1 |     1 ||     3
Armor: Scale mail        |    74 |    91 |   166 |   189 |   229 |       |       |       |       ||   749
       Chain mail        |       |       |       |       |   293 |   636 |   130 |   730 |   911 ||  2700
       Plate armour      |       |       |       |       |       |       |   343 |       |       ||   343
       Skin              |       |       |       |       |       |       |     2 |       |       ||     2
       Gold dragon scale |       |       |       |       |       |       |       |       |   505 ||   505
Dodge: Dodged            |    47 |    97 |   142 |   208 |   318 |   223 |   179 |   238 |   514 ||  1966
Block: Kite shield       |    88 |   124 |   183 |   319 |   592 |   347 |       |       |       ||  1653
       Tower shield      |       |       |       |       |       |  1229 |  2054 |  1988 |  4550 ||  9821
